 Dungeon Crawl Stone Soup version 0.20.0-15-g7f486f2 (webtiles) character file.

277688 KGB the Executioner (level 19, -3/150 HPs)
             Began as a Demonspawn Hunter on June 10, 2017.
             Was the Champion of Okawaru.
             Splashed by an acid dragon's acid (16 damage)
             ... on level 2 of the Vaults.
             The game lasted 01:11:13 (36593 turns).

KGB the Executioner (Demonspawn Hunter)            Turns: 36593, Time: 01:11:13

Health: -3/150     AC: 35    Str: 21    XL:     19   Next: 61%
Magic:  21/26      EV:  9    Int: 19    God:    Okawaru [******]
Gold:   1587       SH:  5    Dex: 20    Spells: 18/18 levels left

rFire    + . .     SeeInvis .   S - +8 frozen axe "Frostbite" {freezing cloud, *Noise +Fly rC+}
rCold    + + .     Gourm    .   (shield currently unavailable)
rNeg     + . .     Faith    .   b - +10 plate armour "Cion Oge" {rPois Int+7 Slay+5 Stlth+}
rPois    +         Spirit   .   m - +2 helmet
rElec    .         Reflect  +   A - scarf {rC+ rF+}
rCorr    .         Harm     .   (gloves unavailable)
MR       ++...                  z - +2 pair of boots {Stlth+}
Stlth    ++........             U - +5 amulet of reflection
Regen    0.4/turn               X - +5 ring of slaying
MPRegen  0.2/turn               w - +4 ring of strength

@: finesse, corroded, sanguine armour, drained
A: claws 3, agile 1, magic resistance 1, negative energy resistance 1,
nightstalker 2, powered by death 3, sanguine armour 3
}: 2/15 runes: serpentine, barnacled
a: Heroism, Finesse, Renounce Religion, Evoke Flight


You were on level 2 of the Vaults.
You worshipped Okawaru.
Okawaru was exalted by your worship.
You were not hungry.

You visited 7 branches of the dungeon, and saw 34 of its levels.
You also visited: Sewer and Ice Cave.

You collected 3174 gold pieces.
You spent 1587 gold pieces at shops.

Inventory:

Hand Weapons
 S - the +8 frozen axe "Frostbite" (weapon) {freezing cloud, *Noise +Fly rC+}
   (You found it on level 6 of the Lair of Beasts)

   It has been specially enchanted to freeze those struck by it, causing extra
   injury to most foes and up to half again as much damage against particularly
   susceptible opponents.
   It can also slow down cold-blooded creatures.
   It protects you from cold.
   It lets you fly.
   It may make noises in combat.
 Z - a +6 broad axe
Armour
 b - the +10 plate armour "Cion Oge" (worn) {rPois Int+7 Slay+5 Stlth+}
   (You found it on level 4 of the Dungeon)

   It affects your intelligence (+7).
   It affects your accuracy and damage with ranged weapons and melee attacks
   (+5).
   It protects you from poison.
   It makes you more stealthy.
 j - a +0 shield of protection
 m - a +2 helmet (worn)
 y - the scarf of Responsibility {rC- rN+ rCorr Slay+3}
   (You found it on level 6 of the Lair of Beasts)

   It affects your accuracy and damage with ranged weapons and melee attacks
   (+3).
   It makes you vulnerable to cold.
   It protects you from negative energy.
   It protects you from acid and corrosion.
 z - a +2 pair of boots of stealth (worn)
 A - a scarf of resistance (worn)
 L - the +3 hat of Pondering {ponderous, MR+ MP+10 Int+5}
   (You found it in an ice cave)

   It affects your intelligence (+5).
   It affects your resistance to hostile enchantments.
   It affects your magic capacity (+10).
Jewellery
 l - the ring "Vuratz" {Ice rN++ Dex+4}
   (You found it on level 14 of the Dungeon)

   [ring of ice]

   It enhances your ice magic.
   It affects your dexterity (+4).
   It makes you vulnerable to fire.
   It protects you from cold.
   It greatly protects you from negative energy.
 q - an uncursed ring of see invisible
 w - a +4 ring of strength (right claw)
 C - an uncursed ring of protection from fire
 R - an uncursed ring of protection from magic
 U - a +5 amulet of reflection (around neck)
 X - a +5 ring of slaying (left claw)
Wands
 d - a wand of digging (13/24)
 i - a wand of digging (9/24)
 B - a wand of enslavement (10/24)
 H - a wand of acid (2/15)
 Q - a wand of clouds (0/9)
Scrolls
 a - a scroll of fog
 e - 4 scrolls of enchant armour
 g - 8 scrolls of magic mapping
 h - 13 scrolls of recharging
 k - 6 scrolls of identify
 u - 5 scrolls of immolation
 x - 18 scrolls of remove curse
 F - 9 scrolls of amnesia
 I - 24 scrolls of teleportation
 J - a scroll of blinking
 P - a scroll of fear
Potions
 f - 6 potions of heal wounds
 n - a potion of might
 o - 9 potions of flight
 p - 4 potions of agility
 r - 5 potions of brilliance
 s - 17 potions of curing
 v - a potion of magic
 K - 2 potions of haste
 N - a potion of invisibility
Miscellaneous
 t - a phantom mirror
Comestibles
 c - 2 meat rations
 G - 7 bread rations
 M - 46 fruits
 O - 12 royal jellies


   Skills:
 + Level 13.6(13.4) Fighting
 * Level 23.9(23.7) Axes
   Level 2.3(16.4) Maces & Flails
   Level 10.0(9.9) Crossbows
 + Level 11.0(10.8) Armour
 + Level 3.6(3.4) Dodging
 - Level 0.8(0.7) Stealth
 - Level 9.8(9.6) Invocations


You had 18 spell levels left.
You didn't know any spells.

Dungeon Overview and Level Annotations

Branches:
Dungeon (15/15)            Temple (1/1) D:5            Lair (6/6) D:11
 Shoals (4/4) Lair:2        Snake (4/4) Lair:3        Slime (0/5) Lair:6
    Orc (2/2) D:12            Elf (0/3) Orc:2        Vaults (2/5) D:13
  Crypt (0/3) Vaults:2     Depths (0/5) D:15

Altars:
Ashenzari
Cheibriados
Dithmenos
Elyvilon
Fedhas
Gozag
Hepliaklqana
Kikubaaqudgha
Makhleb
Nemelex Xobeh
Okawaru
Qazlal
Ru
Sif Muna
Trog
Uskayaw
Vehumet
Xom
Yredelemnul
Zin
The Shining One

Shops:
D:4 =   D:7 }   D:9 %?[*   D:10 =   D:14 !   D:15 (   Orc:2 }:*}[
Shoals:2 **%   Shoals:3 (   Snake:3 [   Vaults:1 ::

Annotations:
D:12 exclusion: ice statue
Lair:1 exclusion: oklob plant
Lair:5 exclusion: oklob plant
Vaults:2 Sojobo
Abyss:1 Psyche


Innate Abilities, Weirdness & Mutations

You have claws for hands.
You resist negative energy. (rN+)
You are significantly more attuned to the shadows.
You regenerate a lot of health from kills.
When seriously injured, your bleeding wounds create very thick armour. (AC +12)
You are agile. (Dex +2)
You are resistant to hostile enchantments. (MR+)


Message History

Unknown command.
Unknown command.
Unknown command.
You feel much better.
The tengu reaver gestures at you while chanting.
The bolt of poison hits you! You resist.
* * * LOW HITPOINT WARNING * * *
Sojobo gestures wildly while chanting.
Unknown command.
You can now deal lightning-fast blows.
The air elemental disappears in a puff of smoke!
The tengu reaver hits you with a war axe!
* * * LOW HITPOINT WARNING * * *
The tengu reaver pecks you but does no damage.
The tengu reaver claws you.
* * * LOW HITPOINT WARNING * * *
The acid dragon spits acid at you. The splash of acid hits you!
The acid corrodes you!
You are splashed with acid!
The acid burns!
You die...

###..Q.# ###### ###
..'....# #..... ..#
#....# #..... ..#
#....# #..... ..#
#....# #...## ..#
#..*.# #..... ..#
#..(E# #.###. ..#
#%.DQ# #...#. ..#
#§EQ@# #.#### ..#
#..eE# #...#. ..#
#(Q.)# #...#. ###
#..*.# #(....
#....# #....(
#....# #.....
#############....##
######
.............).....
...................


You could see Sojobo, 2 tengu reavers, a deep elf archer, 3 air elementals, an
acid dragon and 2 battlespheres.

Vanquished Creatures
  Nikola (Shoals:1)
  An Ice Fiend (IceCv)
  Asterion (Snake:2)
  Polyphemus (Shoals:2)
  Kirke (Shoals:4)
  Ilsuiw (Shoals:4)
  A tengu reaver (Vaults:2)
  11 nagarajas (Snake:4)
  Louise (D:14)
  8 vault wardens
  A frost giant (Vaults:2)
  Aizul (Snake:1)
  4 ironheart preservers
  2 ghouls
  A stone giant (Vaults:2)
  An entropy weaver (Vaults:2)
  A deep elf annihilator (Vaults:2)
  6 merfolk javelineers (Shoals:4)
  A deep elf death mage (Vaults:2)
  3 yaktaur captains
  5 merfolk impalers
  16 naga warriors
  A fire dragon (Vaults:2)
  An ice dragon (Vaults:2)
  3 hydras
  An ogre mage (Vaults:1)
  Fannar (Orc:1)
  A vault guard (D:13)
  5 merfolk aquamancers
  3 death knights
  4 catoblepae
  8 anacondas
  8 centaur warriors
  7 two-headed ogres
  4 merfolk avatars (Shoals:4)
  A satyr (Shoals:4)
  A deep troll shaman (Vaults:2)
  2 tengu warriors (D:13)
  11 naga sharpshooters
  10 death yaks
  3 orc high priests (Orc:2)
  6 shock serpents
  3 deep elf knights
  Sonja (D:14)
  The ghost of murphy the Cleaver, a novice DDFi of Makhleb (D:11)
  8 skeletal warriors
  5 salamander mystics
  An unseen horror (D:11)
  10 sea snakes
  A flayed ghost (Vaults:2)
  A shadow wraith (Vaults:2)
  3 deep trolls (Vaults:2)
  8 naga ritualists
  A wizard (Vaults:2)
  4 deep elf archers
  A glowing orange brain (Vaults:1)
  A lindwurm (D:13)
  5 ironbrand convokers
  38 harpies
  2 phantasmal warriors
  3 stone giant zombies
  5 deep elf magi
  2 necromancers
  10 orc knights
  18 mana vipers
  16 ugly things
  12 manticores
  4 orc sorcerers (Orc:2)
  3 cyclopes
  A wolf spider (Vaults:1)
  9 salamanders
  3 fauns (Shoals:1)
  4 ice statues (IceCv)
  7 guardian serpents
  10 elephants
  7 merfolk sirens
  The ghost of theemperora the Conjurer, a novice DEFE of Sif Muna (D:7)
  A gargoyle (D:13)
  26 naga magi
  29 black mambas
  4 water nymphs
  A storm dragon simulacrum (Vaults:2)
  2 vault sentinels (Vaults:2)
  14 spiny frogs
  A yaktaur zombie (Vaults:2)
  2 frost giant skeletons
  An elf zombie (D:15)
  A torpor snail (Lair:2)
  A kobold demonologist (D:15)
  2 centaur skeletons
  8 komodo dragons
  17 yaktaurs
  2 anaconda simulacra (IceCv)
  8 ice devils (IceCv)
  6 freezing wraiths
  3 tengu conjurers
  7 trolls
  21 merfolk
  5 polar bears
  6 wind drakes
  2 hornets
  4 blink frogs
  8 hippogriffs
  7 snapping turtles
  A fire dragon zombie (D:15)
  5 slime creatures
  17 dream sheep
  A stone giant simulacrum (Vaults:2)
  2 shadows
  3 vampires
  3 redbacks (Vaults:2)
  2 wyverns
  6 wraiths
  78 yaks
  6 hogs
  6 water elementals
  3 basilisks
  2 hungry ghosts
  8 vampire mosquitoes
  5 harpy simulacra
  58 nagas
  2 soldier ants
  3 wargs
  2 iron troll simulacra (IceCv)
  A warg (shapeshifter) (Vaults:2)
  17 water moccasins
  2 hydra simulacra (IceCv)
  9 ice beasts
  8 porcupines
  20 orc warriors
  3 sky beasts
  A black bear (D:11)
  2 phantoms
  21 ogres
  2 eyes of draining (D:15)
  6 wolves (Lair:5)
  19 centaurs
  10 crocodiles
  A wolf (shapeshifter) (Vaults:2)
  7 big kobolds
  20 bullfrogs
  2 wyvern zombies
  A gnoll sergeant (D:6)
  5 scorpions
  2 howler monkeys
  2 electric eels (D:13)
  14 wights
  4 crimson imps
  A centaur zombie (D:5)
  4 jellies
  6 hounds
  24 orc priests
  A bullfrog skeleton (D:4)
  4 iguanas
  Natasha (thrice) (D:2)
  27 orc wizards
  Terence (D:2)
  8 worker ants
  A hound skeleton (D:4)
  A worker ant zombie (D:11)
  Robin (D:2)
  2 howler monkey zombies
  7 gnolls
  2 howler monkey skeletons
  16 adders
  2 shadow imps
  A white imp (D:12)
  An ooze (Sewer)
  An adder zombie (D:7)
  3 adder skeletons
  A worm (D:6)
  4 dart slugs
  11 leopard geckos
  108 orcs
  10 giant cockroaches
  14 goblins
  7 hobgoblins
  18 jackals
  3 quokkas
  3 ball pythons (Sewer)
  A ball python skeleton (D:5)
  11 bats
  A frilled lizard (Sewer)
  42 kobolds
  A leopard gecko skeleton (D:5)
  A leopard gecko zombie (D:8)
  A quokka skeleton (D:5)
  A quokka zombie (D:5)
  8 rats
  7 fungi
  9 plants
  7 withered plants (D:15)
1326 creatures vanquished.

Vanquished Creatures (others)
  An ugly thing (D:11)
  A harpy (Shoals:4)
  A centaur skeleton (D:10)
  A polar bear (D:12)
  A slime creature (D:12)
  2 yaks
  A water moccasin (Lair:1)
  A sky beast (D:10)
  3 orc warriors
  A centaur (D:14)
  A bullfrog skeleton (D:10)
  An orc wizard (D:12)
  A worker ant (D:11)
  A shadow imp (D:11)
  An orc (D:12)
  16 fungi
  12 plants
46 creatures vanquished.

Grand Total: 1372 creatures vanquished

Notes
Turn   | Place    | Note
-------+----------+-------------------------------------------
     0 | D:1      | KGB the Demonspawn Hunter began the quest for the Orb.
     0 | D:1      | Reached XP level 1. HP: 16/16 MP: 1/1
   180 | D:1      | Gained mutation: You have sharp fingernails. [demonic ancestry]
   180 | D:1      | Reached XP level 2. HP: 22/22 MP: 2/2
   832 | D:1      | Gained mutation: When seriously injured, your bleeding wounds create armour. (AC +12) [demonic ancestry]
   832 | D:1      | Reached XP level 3. HP: 27/27 MP: 3/3
   911 | D:2      | Noticed Natasha
   915 | D:2      | Killed Natasha
   946 | D:2      | Reached skill level 5 in Crossbows
   946 | D:2      | Reached XP level 4. HP: 33/33 MP: 4/4
   992 | D:2      | Noticed Natasha
   996 | D:2      | Killed Natasha
  1047 | D:2      | Found a white marble altar of Elyvilon.
  1057 | D:2      | Noticed Natasha
  1060 | D:2      | Killed Natasha
  1087 | D:2      | Noticed Terence
  1092 | D:2      | Killed Terence
  1092 | D:2      | Reached XP level 5. HP: 39/39 MP: 5/5
  1151 | D:2      | Noticed Robin
  1161 | D:2      | Killed Robin
  2087 | D:4      | Gained mutation: You regenerate a little health from kills. [demonic ancestry]
  2087 | D:4      | Reached XP level 6. HP: 42/46 MP: 6/6
  2156 | D:4      | Found a glowing drain.
  2195 | Sewer    | Entered a sewer
  2467 | Sewer    | Gained mutation: Your spells are a little harder to cast, but a little more powerful. [potion of mutation]
  2467 | Sewer    | Lost mutation: Your spells are a little harder to cast, but a little more powerful. [potion of mutation]
  2467 | Sewer    | Gained mutation: You are agile. (Dex +2) [potion of mutation]
  2467 | Sewer    | Gained mutation: You have a pair of small antennae on your head. [potion of mutation]
  2468 | Sewer    | Lost mutation: You are agile. (Dex +2) [potion of mutation]
  2468 | Sewer    | Lost mutation: You have a pair of small antennae on your head. [potion of mutation]
  2468 | Sewer    | Gained mutation: Your magical capacity is low. (-10% MP) [potion of mutation]
  2468 | Sewer    | Gained mutation: Your spells are a little harder to cast, but a little more powerful. [potion of mutation]
  2469 | Sewer    | Lost mutation: Your magical capacity is low. (-10% MP) [potion of mutation]
  2469 | Sewer    | Lost mutation: Your spells are a little harder to cast, but a little more powerful. [potion of mutation]
  2469 | Sewer    | Gained mutation: Your body sometimes deteriorates upon taking damage. [potion of mutation]
  2469 | Sewer    | Gained mutation: You passively map a small area around you. [potion of mutation]
  2702 | Sewer    | Reached skill level 1 in Armour
  3028 | D:4      | Found Upraimah's Jewellery Shop.
  3131 | D:4      | Got a heavily runed plate armour
  3143 | D:4      | Found a hazy altar of Hepliaklqana.
  3208 | D:4      | Reached skill level 1 in Maces & Flails
  3368 | D:4      | Gained mutation: You have very sharp fingernails. [demonic ancestry]
  3368 | D:4      | Reached XP level 7. HP: 52/52 MP: 7/7
  3787 | D:4      | Identified the +10 plate armour "Cion Oge" {rPois Int+7 Slay+5 Stlth+} (You found it on level 4 of the Dungeon)
  3850 | D:5      | Entered Level 5 of the Dungeon
  3868 | D:5      | Found a staircase to the Ecumenical Temple.
  3905 | Temple   | Entered the Ecumenical Temple
  3989 | Temple   | Became a worshipper of Warmaster Okawaru
  4171 | D:5      | Found a snail-covered altar of Cheibriados.
  4347 | D:5      | Found a sparkling altar of Nemelex Xobeh.
  4363 | D:5      | Found a stormy altar of Qazlal.
  4611 | D:5      | Gained mutation: When seriously injured, your bleeding wounds create thick armour. (AC +12) [demonic ancestry]
  4611 | D:5      | Reached XP level 8. HP: 60/60 MP: 8/8
  4843 | D:5      | Reached * piety under Okawaru
  4881 | D:5      | Found a hide-covered altar of Uskayaw.
  4881 | D:5      | Found a faded altar of an unknown god.
  4886 | D:5      | Found a sacrificial altar of Ru.
  4888 | D:5      | Found a bloodstained altar of Trog.
  4889 | D:5      | Found a faded altar of an unknown god.
  4897 | D:5      | You fall through a shaft for 3 floors!
  4957 | D:7      | Noticed theemperora's ghost (novice DEFE)
  4974 | D:7      | Killed theemperora's ghost
  5307 | D:6      | Reached ** piety under Okawaru
  5313 | D:6      | Reached skill level 10 in Crossbows
  5313 | D:6      | Gained mutation: You are slightly more attuned to the shadows. [demonic ancestry]
  5313 | D:6      | Reached XP level 9. HP: 52/66 MP: 9/9
  5426 | D:6      | Reached skill level 1 in Invocations
  5502 | D:6      | Reached skill level 5 in Fighting
  5691 | D:6      | Reached skill level 1 in Axes
  6161 | D:7      | Reached skill level 2 in Axes
  6269 | D:7      | Found Qiczi's Gadget Emporium.
  6414 | D:7      | Reached skill level 3 in Axes
  6445 | D:7      | Lost mutation: Your body sometimes deteriorates upon taking damage. [potion of mutation]
  6445 | D:7      | Lost mutation: You passively map a small area around you. [potion of mutation]
  6445 | D:7      | Gained mutation: Your body sometimes deteriorates upon taking damage. [potion of mutation]
  6445 | D:7      | Gained mutation: You have a pair of small horns on your head. [potion of mutation]
  6446 | D:7      | Lost mutation: Your body sometimes deteriorates upon taking damage. [potion of mutation]
  6446 | D:7      | Lost mutation: You have a pair of small horns on your head. [potion of mutation]
  6446 | D:7      | Gained mutation: You evolve. [potion of mutation]
  6446 | D:7      | Gained mutation: You are resistant to hostile enchantments. (MR+) [potion of mutation]
  6446 | D:7      | Gained mutation: Your magical capacity is low. (-10% MP) [potion of mutation]
  6446 | D:7      | Gained mutation: You have claws for hands. [potion of mutation]
  6500 | D:8      | Lost mutation: Your magical capacity is low. (-10% MP) [evolution]
  6698 | D:8      | Reached skill level 4 in Axes
  6721 | D:8      | Reached *** piety under Okawaru
  6957 | D:9      | Reached skill level 5 in Axes
  6965 | D:9      | Gained mutation: When seriously injured, your bleeding wounds create very thick armour. (AC +12) [demonic ancestry]
  6965 | D:9      | Reached XP level 10. HP: 68/76 MP: 13/13
  6967 | D:9      | Found Kaphoo Ewna's Armour Shop.
  7118 | D:9      | Reached skill level 6 in Axes
  7158 | D:9      | Found Ceivahej's General Store.
  7164 | D:9      | Bought a scroll of teleportation for 42 gold pieces
  7232 | D:9      | Found Vaden's Magic Scroll Emporium.
  7239 | D:9      | Bought a scroll of identify for 26 gold pieces
  7239 | D:9      | Bought a scroll of identify for 26 gold pieces
  7239 | D:9      | Bought a scroll of teleportation for 39 gold pieces
  7239 | D:9      | Bought a scroll of teleportation for 39 gold pieces
  7372 | D:9      | Found Vomy's Food Boutique.
  7466 | D:9      | Noticed a two-headed ogre
  7474 | D:9      | Killed a two-headed ogre
  7474 | D:9      | Reached **** piety under Okawaru
  7474 | D:9      | Reached skill level 5 in Invocations
  7596 | D:9      | Reached skill level 7 in Axes
  7717 | D:10     | Entered Level 10 of the Dungeon
  7717 | D:10     | Found Jeob's Jewellery Shop.
  7907 | D:10     | Noticed a two-headed ogre
  7913 | D:10     | Killed a two-headed ogre
  7913 | D:10     | Reached ***** piety under Okawaru
  7913 | D:10     | Reached skill level 8 in Axes
  8184 | D:10     | Noticed a two-headed ogre
  8242 | D:10     | Gained mutation: You regenerate health from kills. [demonic ancestry]
  8242 | D:10     | Reached XP level 11. HP: 68/81 MP: 15/15
  8479 | D:11     | Noticed a green ugly thing
  8663 | D:11     | Gained mutation: You are agile. (Dex +2) [evolution]
  8663 | D:11     | Lost mutation: You evolve. [end of evolution]
  8762 | D:11     | Received a gift from Okawaru
  8762 | D:11     | Reached skill level 9 in Axes
  8881 | D:11     | Found a staircase to the Lair.
  8896 | D:11     | Noticed an unseen horror
  8910 | D:11     | Killed an unseen horror
  9065 | D:11     | Banished a green ugly thing
  9260 | D:11     | Reached skill level 10 in Axes
  9415 | D:11     | Noticed Psyche
  9420 | D:11     | Banished Psyche
  9581 | D:11     | Noticed murphy's ghost (novice DDFi)
  9589 | D:11     | Killed murphy's ghost
  9874 | D:11     | Got an ancient arbalest {god gift}
  9958 | D:12     | Received a gift from Okawaru
  9966 | D:12     | Got a spiked scale mail {god gift}
  9977 | D:12     | Identified the +0 scale mail of Qioxur {rC+} (Okawaru gifted it to you on level 12 of the Dungeon)
 10174 | D:12     | Found a staircase to the Orcish Mines.
 10216 | D:12     | Reached skill level 11 in Axes
 10407 | D:12     | Noticed a five-headed hydra
 10846 | Lair:1   | Entered Level 1 of the Lair of Beasts
 11004 | Lair:1   | Identified the +8 arbalest "Yskimpo" {flame, rC+ Dex+4} (Okawaru gifted it to you on level 11 of the Dungeon)
 11050 | Lair:1   | Reached XP level 12. HP: 84/91 MP: 17/17
 11426 | Lair:1   | Found a blossoming altar of Fedhas.
 11890 | Lair:2   | Reached skill level 12 in Axes
 12285 | Lair:2   | Reached ****** piety under Okawaru
 12409 | Lair:2   | Found a staircase to the Shoals.
 12807 | Lair:2   | Reached skill level 5 in Armour
 13057 | Lair:3   | Found a staircase to the Snake Pit.
 13282 | Lair:3   | Found an opulent altar of Gozag.
 13750 | Lair:3   | Received a gift from Okawaru
 14019 | Lair:4   | Reached skill level 13 in Axes
 14885 | Lair:5   | Reached XP level 13. HP: 50/98 MP: 20/20
 15942 | Lair:6   | Entered Level 6 of the Lair of Beasts
 16081 | Lair:6   | Received a gift from Okawaru
 16081 | Lair:6   | Reached skill level 14 in Axes
 16287 | Lair:6   | Found a staircase to the Slime Pits.
 16361 | Lair:6   | Received a gift from Okawaru
 16506 | Lair:6   | Received a gift from Okawaru
 16602 | Lair:6   | Got a shimmering scarf
 16603 | Lair:6   | Identified the scarf of Responsibility {rC- rN+ rCorr Slay+3} (You found it on level 6 of the Lair of Beasts)
 16906 | Lair:6   | Received a gift from Okawaru
 16915 | Lair:6   | Reached skill level 15 in Axes
 17315 | Lair:6   | Gained mutation: You regenerate a lot of health from kills. [demonic ancestry]
 17315 | Lair:6   | Reached XP level 14. HP: 75/108 MP: 21/21
 17409 | Lair:6   | Received a gift from Okawaru
 17592 | Lair:6   | Got a crystal broad axe {god gift}
 17593 | Lair:6   | Identified the +2 broad axe of the Demagogue {chop, rElec Dex-3 SInv} (Okawaru gifted it to you on level 6 of the Lair of Beasts)
 18281 | D:8      | You fall through a shaft for 3 floors!
 18439 | D:4      | Bought a +5 ring of slaying for 1250 gold pieces
 18621 | Orc:1    | Entered Level 1 of the Orcish Mines
 18796 | Orc:1    | Noticed Fannar
 18809 | Orc:1    | Killed Fannar
 19019 | Orc:2    | Entered Level 2 of the Orcish Mines
 19020 | Orc:2    | Found Xuvais's Gadget Emporium.
 19139 | Orc:2    | Found a staircase to the Elven Halls.
 19174 | Orc:2    | Reached skill level 16 in Axes
 19258 | Orc:2    | Received a gift from Okawaru
 19602 | Orc:2    | Found Lextoagg's Gadget Boutique.
 19602 | Orc:2    | Found Dizumeno's Armour Emporium.
 19604 | Orc:2    | Found Tysoefoz's Book Boutique.
 19604 | Orc:2    | Found Ahiemy's Assorted Antiques.
 21328 | D:13     | Reached skill level 17 in Axes
 21337 | D:13     | Received a gift from Okawaru
 21580 | D:13     | Found a gate to the Vaults.
 21701 | D:13     | Received a gift from Okawaru
 21706 | D:13     | Got a jacinth-encrusted animal skin {god gift}
 21707 | D:13     | Identified the +1 animal skin of Love and Death {rC+ Str+4} (Okawaru gifted it to you on level 13 of the Dungeon)
 21823 | D:14     | Found Otreogg's Distillery.
 21826 | D:14     | Noticed Louise
 21838 | D:14     | Killed Louise
 21862 | D:14     | Bought a potion of heal wounds for 60 gold pieces
 21862 | D:14     | Bought a potion of agility for 48 gold pieces
 21918 | D:14     | Gained mutation: You resist negative energy. (rN+) [demonic ancestry]
 21918 | D:14     | Reached XP level 15. HP: 115/115 MP: 22/22
 21947 | D:14     | Noticed Sonja
 21967 | D:14     | Killed Sonja
 22432 | D:14     | Got a steaming jade ring
 22435 | D:14     | Identified the ring "Vuratz" {Ice rN++ Dex+4} (You found it on level 14 of the Dungeon)
 22834 | D:15     | Entered Level 15 of the Dungeon
 22834 | D:15     | Found Zaut's Weapon Shoppe.
 22904 | D:15     | Reached skill level 10 in Fighting
 23167 | D:15     | Found a staircase to the Depths.
 23205 | D:15     | Reached skill level 18 in Axes
 23801 | Snake:1  | Entered Level 1 of the Snake Pit
 23943 | Snake:1  | Noticed Aizul
 23947 | Snake:1  | Killed Aizul
 23962 | Snake:1  | Received a gift from Okawaru
 25212 | Snake:2  | Received a gift from Okawaru
 25302 | Snake:2  | Reached skill level 19 in Axes
 25352 | Snake:2  | Noticed Asterion
 25361 | Snake:2  | Noticed an Executioner
 25376 | Snake:2  | Killed Asterion
 25376 | Snake:2  | Reached XP level 16. HP: 40/124 MP: 17/23
 26616 | Snake:3  | Received a gift from Okawaru
 26824 | Snake:3  | Found Axasol's Armour Shoppe.
 27005 | Snake:3  | Received a gift from Okawaru
 27406 | Snake:4  | Entered Level 4 of the Snake Pit
 27936 | Snake:4  | Reached skill level 20 in Axes
 27950 | Snake:4  | Received a gift from Okawaru
 27967 | Snake:4  | Received a gift from Okawaru
 27985 | Snake:4  | Received a gift from Okawaru
 27997 | Snake:4  | Mutation became permanent: You have very sharp fingernails. [demonic ancestry]
 27997 | Snake:4  | Gained mutation: You have claws for hands. [demonic ancestry]
 27997 | Snake:4  | Reached XP level 17. HP: 129/131 MP: 24/24
 28010 | Snake:4  | Received a gift from Okawaru
 28058 | Snake:4  | Received a gift from Okawaru
 28084 | Snake:4  | Reached skill level 21 in Axes
 28156 | Snake:4  | Got a serpentine rune of Zot
 28167 | Snake:4  | Identified the Handbook of Twisted Aid
 28347 | Snake:4  | Received a gift from Okawaru
 28975 | Shoals:1 | Entered Level 1 of the Shoals
 29028 | Shoals:1 | Received a gift from Okawaru
 29297 | Shoals:1 | Noticed Nikola
 29307 | Shoals:1 | Killed Nikola
 29908 | Shoals:2 | Identified a scroll of acquirement
 29926 | Shoals:2 | Found Qiezast's Assorted Antiques.
 29928 | Shoals:2 | Noticed Polyphemus
 30235 | Shoals:2 | Killed Polyphemus
 30259 | Shoals:2 | Found Zoweab's Food Boutique.
 30294 | Shoals:2 | Bought a scroll of teleportation for 57 gold pieces
 30302 | Shoals:2 | Found Mievumix's Assorted Antiques.
 30485 | Shoals:2 | Reached skill level 10 in Armour
 31024 | Shoals:3 | Received a gift from Okawaru
 31099 | Shoals:3 | Got a smoking arbalest {god gift}
 31421 | Shoals:3 | Identified the +1 arbalest "Odiucs" {flame, rElec rF- Str+4 SInv} (Okawaru gifted it to you on level 3 of the Shoals)
 31467 | Shoals:3 | Found Oxtot's Antique Weapon Emporium.
 31904 | Shoals:4 | Entered Level 4 of the Shoals
 31919 | Shoals:4 | Reached XP level 18. HP: 66/140 MP: 25/25
 31945 | Shoals:4 | Noticed Kirke
 32022 | Shoals:4 | Killed Kirke
 32044 | Shoals:4 | Found a frozen archway.
 32051 | IceCv    | Entered an ice cave
 32139 | IceCv    | Reached skill level 22 in Axes
 32349 | IceCv    | Noticed an Ice Fiend
 32356 | IceCv    | Killed an Ice Fiend
 32769 | Shoals:4 | Noticed Ilsuiw
 32774 | Shoals:4 | Received a gift from Okawaru
 32788 | Shoals:4 | Killed Ilsuiw
 32796 | Shoals:4 | Received a gift from Okawaru
 33691 | Shoals:4 | Got a barnacled rune of Zot
 34305 | Vaults:1 | Entered Level 1 of the Vaults
 34450 | Vaults:1 | Found Weesal's Book Boutique.
 34485 | Vaults:1 | Found Kecvozet's Book Shoppe.
 34529 | Vaults:1 | HP: 5/142 [yaktaur captain (15)]
 34780 | Vaults:1 | Received a gift from Okawaru
 34932 | Vaults:1 | Reached skill level 23 in Axes
 35070 | Vaults:1 | Gained mutation: You are significantly more attuned to the shadows. [demonic ancestry]
 35070 | Vaults:1 | Reached XP level 19. HP: 149/149 MP: 26/26
 36232 | Vaults:2 | HP: 6/150 [ghoul[a death knight] (19)]
 36256 | Vaults:2 | Received a gift from Okawaru
 36481 | Vaults:2 | Found a staircase to the Crypt.
 36481 | Vaults:2 | Found a basalt altar of Yredelemnul.
 36484 | Vaults:2 | Found an ancient bone altar of Kikubaaqudgha.
 36569 | Vaults:2 | Noticed Sojobo
 36593 | Vaults:2 | Splashed by an acid dragon's acid

Skill      XL: |  1  2  3  4  5  6  7  8  9 10 11 12 13 14 15 16 17 18 19 |
---------------+----------------------------------------------------------+-----
Crossbows      | 4 5 6 8 10 | 10.0
Armour         | 1 2 4 6 7 8 9 10 11 | 11.0
Dodging        | 2 3 |  3.6
Fighting       | 3 4 5 6 7 8 9 10 11 12 13 | 13.6
Maces & Flails | 1 2 |  2.3
Invocations    | 4 6 7 9 |  9.8
Axes           | 5 8 11 13 15 17 19 20 21 23 | 23.9
Stealth        | |  0.8

Action                   |  1- 3 |  4- 6 |  7- 9 | 10-12 | 13-15 | 16-18 | 19-21 || total
-------------------------+-------+-------+-------+-------+-------+-------+-------++-------
Melee: Mace              |       |   237 |       |       |       |       |       ||   237
       Battleaxe         |       |       |    97 |   483 |   154 |       |       ||   734
       Whip              |       |       |     3 |       |       |       |       ||     3
       Executioner's axe |       |       |       |       |   620 |   830 |   207 ||  1657
       Unarmed           |       |       |       |       |       |    32 |       ||    32
 Fire: Hand crossbow     |    60 |   183 |   205 |       |       |       |       ||   448
       Arbalest          |       |       |       |    69 |    44 |       |       ||   113
Invok: Heroism           |       |       |       |     1 |     3 |     4 |     2 ||    10
       Finesse           |       |       |       |       |     1 |       |     2 ||     3
Evoke: Wand              |       |       |       |     3 |       |     5 |       ||     8
  Use: Scroll            |       |    13 |    11 |    11 |    13 |     7 |       ||    55
       Potion            |       |     6 |     4 |     5 |     8 |     5 |     4 ||    32
 Stab: Petrified         |       |       |       |       |     4 |       |       ||     4
       Distracted        |       |       |       |       |     1 |       |       ||     1
       Petrifying        |       |       |       |       |     1 |       |       ||     1
       Confused          |       |       |       |       |       |     1 |       ||     1
       Sleeping          |       |       |       |       |       |       |     6 ||     6
  Eat: Chunk             |       |     4 |    14 |    16 |    19 |     4 |       ||    57
       Bread ration      |       |     1 |       |       |       |       |       ||     1
       Royal jelly       |       |       |     1 |       |     1 |       |       ||     2
       Meat ration       |       |       |       |     2 |     4 |     5 |     1 ||    12
Armor: Leather armour    |     4 |   104 |     6 |       |       |       |       ||   114
       Plate armour      |       |       |   151 |   535 |   834 |   903 |   114 ||  2537
       Skin              |       |       |       |       |       |    12 |       ||    12
Dodge: Dodged            |     5 |   149 |    51 |   162 |   305 |   470 |    50 ||  1192
Block: Other             |       |       |     5 |    40 |    62 |    89 |    34 ||   230
       Reflection        |       |       |     1 |       |     5 |     7 |     5 ||    18
